 Dungeon Crawl Stone Soup version 0.17-a0-1863-g715b4b0 (webtiles) character file.

22642 tognito the Severer (level 12, -23/113 HPs)
             Began as a Minotaur Berserker on Sept 20, 2015.
             Was a High Priest of Trog.
             Annihilated by Rupert
             ... wielding a +3 triple sword of slicing
              (31 damage)
             ... on level 13 of the Dungeon.
             The game lasted 00:43:52 (11947 turns).

tognito the Severer (Minotaur Berserker)           Turns: 11947, Time: 00:43:52

Health: -23/113    AC: 28    Str: 29    XL:     12   Next: 64%
Magic:  11/11      EV: 10    Int:  4    God:    Trog [*****.]
Gold:   704        SH:  0    Dex: 14    Spells: 0 memorised, 11 levels left

rFire  . . .     SeeInvis .     a - +0 battleaxe
rCold  . . .     Clarity  .     P - +4 plate armour
rNeg   . . .     SustAt   .     (no shield)
rPois  .         Gourm    .     d - +2 hat
rElec  .         Spirit   .     r - +0 cloak
rCorr  .         Warding  .     k - +0 pair of gloves
rMut   .         Stasis   .     R - +0 pair of boots
MR     .....                    (no amulet)
Stlth  ..........               B - +5 ring of dexterity
                                H - ring of stealth

@: exhausted, about to teleport, slowed, very slow, not resistant to hostile
enchantments, extremely unstealthy
A: retaliatory headbutt, horns 2, rough black scales 1, strong 1
a: Burn Spellbooks, Berserk, Trog's Hand, Brothers in Arms, Renounce Religion


You were on level 13 of the Dungeon.
You worshipped Trog.
Trog was extremely pleased with you.
You were very hungry.

You visited 1 branch of the dungeon, and saw 13 of its levels.
You also visited: Ossuary.

You collected 704 gold pieces.

Inventory:

Hand weapons
 a - a +0 battleaxe (weapon)
 b - a +8 longbow of flaming
 g - the +1 battleaxe "Xatt" {chop, *Contam MR+++ Dex-4 SInv}
   (Trog gifted it to you on level 12 of the Dungeon)

   It inflicts extra damage upon your enemies.
   It affects your dexterity (-4).
   It affects your resistance to hostile enchantments.
   It lets you see invisible.
   It causes magical contamination when unequipped.
Missiles
 i - 151 arrows
 C - 9 arrows of frost
 F - 11 arrows of dispersal
 L - 25 arrows of flame
Armour
 d - a +2 hat (worn)
 k - a +0 pair of gloves (worn)
 r - a +0 cloak (worn)
 P - a +4 plate armour (worn)
 R - a +0 pair of boots (worn)
Rods
 s - a +0 rod of inaccuracy (12/12)
   (You found it on level 9 of the Dungeon)
Jewellery
 o - an uncursed ring of fire
 B - a +5 ring of dexterity (right hand)
 H - a ring of stealth (left hand)
 U - the ring "Hamawnoxo" {+Inv rPois Str+4, unknown}
   (You found it on level 13 of the Dungeon)

   [ring of invisibility]

   It affects your strength (+4).
   It protects you from poison.
   It lets you turn invisible.
Magical devices
 e - a wand of frost (30)
 q - a wand of digging (12)
 y - a wand of polymorph (14)
 I - a wand of polymorph (6)
 K - a wand of disintegration (15)
 M - a wand of random effects (15)
 N - a wand of fire (0)
 O - a wand of disintegration (14)
 Q - a wand of polymorph (12)
Scrolls
 f - 2 scrolls of magic mapping
 h - a scroll of blinking
 j - 7 scrolls of identify
 l - 3 scrolls of fog
 m - a scroll of recharging
 w - 2 scrolls of fear
 A - a scroll of teleportation
 G - 4 scrolls of remove curse
 J - a scroll of acquirement {unknown}
Potions
 n - 3 potions of haste
 t - a potion of flight {unknown}
 v - 5 potions of heal wounds
 z - a potion of curing
 D - 4 potions of might
 S - a potion of magic {unknown}
Comestibles
 c - 6 bread rations
 p - 5 beef jerkies
 u - 5 meat rations
 x - 8 slices of pizza
 E - 8 fruits


   Skills:
 * Level 12.9 Fighting
 * Level 15.1 Axes
 + Level 10.0 Bows
 + Level 1.4 Throwing
 + Level 9.9 Armour
 + Level 5.4 Dodging
 + Level 2.0 Stealth


You had 11 spell levels left.
You didn't know any spells.

Dungeon Overview and Level Annotations

Branches:
Dungeon (13/15)            Temple (0/1) D:7            Lair (0/8) D:11
    Orc (0/4) D:11
 Vaults: D:13-14

Altars:
Cheibriados
Elyvilon
Gozag
Kikubaaqudgha
Qazlal
Ru
Sif Muna
Vehumet
The Shining One

Shops:
D:6 %   D:7 }   D:12 [

Portals:
Trove: D:10 (give +6 demon trident)

Annotations:
D:13 Rupert


Innate Abilities, Weirdness & Mutations

You reflexively headbutt those who attack you in melee.
You have a pair of horns on your head.
You are partially covered in rough black scales (AC +4, Dex -1).
Your muscles are strong. (Str +2)


Message History

Rupert goes berserk!
Rupert hits you but does no damage.
Rupert hits you with a triple sword of slicing!
Rupert hits you but does no damage.
Rupert hits you with a triple sword of slicing.
You can move again.
A brown ugly thing comes into view.
You slice Rupert!! You headbutt Rupert, but do no damage.
Rupert is almost dead.
You feel less confused.
You are feeling very hungry.
Rupert completely misses you. You furiously retaliate!
You headbutt Rupert!
The brown ugly thing moves out of view.
Rupert hits you with a triple sword of slicing!!
* * * LOW HITPOINT WARNING * * *
x2 Read which item? (? for menu, Esc to quit)
As you read the scroll of teleportation, it crumbles to dust.
You feel strangely unstable.
Rupert hits you with a triple sword of slicing!!
You die...

##. # #.. .#
#.. .. #.# .#
#.. ..
#.###.###(#
#......@@Y#
#####.###uYD...
#.#


Oo... #.# .... #.# ... #.# <. #.# . #.# #.# You could see Rupert (berserk), a
white ugly thing, 2 yaks, a mottled dragon, an ogre and an orc.

Vanquished Creatures
  Josephine (D:11)
  Erolcha (D:13)
  A hydra (D:11)
  Harold (D:10)
  2 centaur warriors (D:13)
  Sonja (D:10)
  An unseen horror (D:13)
  5 hill giants
  An ugly thing (D:12)
  A cyclops (D:13)
  A manticore (D:12)
  Psyche (D:12)
  2 gargoyles
  2 kobold demonologists (D:11)
  2 trolls
  3 two-headed ogres
  A shadow (D:12)
  2 wyverns
  4 deep elf magi
  The ghost of mcbry74 the Chucker, an average TrHu (D:3)
  5 wraiths (D:11)
  A human (D:7)
  A mottled dragon (D:13)
  8 yaks
  3 hippogriffs
  Menkaure (D:4)
  The ghost of mcbry74 the Magician, an average DEWz (D:4)
  Duvessa (D:6)
  8 orc warriors
  2 wasps (D:10)
  2 phantoms
  4 sky beasts
  3 centaurs
  4 ogres
  An ice beast (D:5)
  4 necrophages
  6 big kobolds
  A crocodile (D:13)
  9 giant frogs
  A water moccasin zombie (Ossuary)
  5 killer bees (D:8)
  4 scorpions
  Dowan (D:6)
  An electric eel (D:11)
  3 quasits
  7 crimson imps
  A giant frog zombie (D:5)
  A jelly (D:7)
  7 orc priests
  3 centaur zombies
  3 hounds
  A giant frog skeleton (D:10)
  11 orc wizards
  Jessica (D:3)
  2 centaur skeletons
  4 gnoll shamans (D:12)
  Terence (D:2)
  2 iguanas (D:8)
  11 worker ants
  7 sheep
  2 big kobold zombies (Ossuary)
  4 hound zombies
  A hound skeleton (D:5)
  3 mummies
  5 worker ant zombies
  13 gnolls
  18 adders
  2 shadow imps
  3 adder zombies
  A worm (D:2)
  3 adder skeletons
  2 giant geckos
  32 orcs
  5 gnoll zombies (Ossuary)
  11 hobgoblins
  3 quokkas
  3 ball pythons (D:2)
  10 bats
  4 giant cockroaches
  2 giant cockroach zombies
  A giant gecko skeleton (D:7)
  A giant gecko zombie (D:7)
  2 giant newts
  7 goblins
  4 hobgoblin zombies (Ossuary)
  19 jackals
  30 kobolds
  4 kobold zombies (Ossuary)
  4 orc zombies (Ossuary)
  17 rats
  A bush (D:7)
  2 plants (D:12)
395 creatures vanquished.

Vanquished Creatures (others)
  2 plants (D:12)
2 creatures vanquished.

Grand Total: 397 creatures vanquished

Notes
Turn   | Place    | Note
--------------------------------------------------------------
     0 | D:1      | tognito the Minotaur Berserker began the quest for the Orb.
     0 | D:1      | Reached XP level 1. HP: 19/19 MP: 0/0
   157 | D:1      | Reached skill level 4 in Fighting
   174 | D:1      | Reached XP level 2. HP: 27/27 MP: 1/1
   597 | D:1      | Acquired Trog's second power
   701 | D:2      | Reached XP level 3. HP: 27/34 MP: 2/2
   839 | D:2      | Gained mutation: You are somewhat resistant to further mutation. [potion of mutation]
   839 | D:2      | Gained mutation: You can breathe flames. [potion of mutation]
   839 | D:2      | Gained mutation: You can breathe fire. [potion of mutation]
  1152 | D:2      | Reached XP level 4. HP: 41/41 MP: 3/3
  1176 | D:2      | Found a sacrificial altar of Ru.
  1181 | D:2      | Reached skill level 5 in Axes
  1313 | D:2      | Found an ancient bone altar of Kikubaaqudgha.
  1417 | D:2      | Noticed Terence
  1444 | D:2      | Killed Terence
  1444 | D:2      | Reached XP level 5. HP: 34/47 MP: 4/4
  1641 | D:3      | Noticed mcbry74's ghost (average TrHu)
  1656 | D:3      | Killed mcbry74's ghost
  1656 | D:3      | Reached skill level 5 in Fighting
  1656 | D:3      | Reached skill level 6 in Axes
  1656 | D:3      | Reached skill level 1 in Stealth
  1656 | D:3      | Reached XP level 6. HP: 31/56 MP: 5/5
  1970 | D:3      | Found a stormy altar of Qazlal.
  1975 | D:3      | Received a gift from Trog
  2099 | D:3      | Noticed Jessica
  2105 | D:3      | Killed Jessica
  2117 | D:3      | Noticed a fire elemental
  2130 | D:3      | Noticed an air elemental
  2130 | D:3      | Noticed a water elemental
  2470 | D:4      | Noticed Menkaure
  2478 | D:4      | Killed Menkaure
  2478 | D:4      | Reached XP level 7. HP: 22/63 MP: 6/6
  3015 | D:4      | Noticed mcbry74's ghost (average DEWz)
  3029 | D:4      | Killed mcbry74's ghost
  3239 | D:4      | Lost mutation: You can breathe fire. [potion of cure mutation]
  3239 | D:4      | Lost mutation: You can breathe flames. [potion of cure mutation]
  3239 | D:4      | Lost mutation: You are somewhat resistant to further mutation. [potion of cure mutation]
  3275 | D:4      | Gained mutation: You have supernaturally acute eyesight. [potion of mutation]
  3275 | D:4      | Gained mutation: Your muscles are strong. (Str +2) [potion of mutation]
  3275 | D:4      | Gained mutation: You are partially covered in rough black scales (AC +4, Dex -1). [potion of mutation]
  3281 | D:4      | Reached skill level 7 in Axes
  3410 | D:4      | Acquired Trog's third power
  3720 | D:4      | Reached skill level 5 in Armour
  3810 | D:5      | Entered Level 5 of the Dungeon
  3821 | D:5      | Reached XP level 8. HP: 73/73 MP: 7/7
  3914 | D:5      | Reached skill level 8 in Axes
  4000 | D:5      | Found a sand-covered staircase.
  4008 | Ossuary  | Entered an ossuary
  4251 | D:5      | Found a white marble altar of Elyvilon.
  4421 | D:5      | Found a deep blue altar of Sif Muna.
  4500 | D:6      | Reached skill level 9 in Axes
  4568 | D:6      | Noticed Dowan
  4593 | D:6      | Killed Dowan
  4593 | D:6      | Reached skill level 1 in Throwing
  4600 | D:6      | Noticed Duvessa
  4620 | D:6      | Killed Duvessa
  4666 | D:6      | Found Ehaq's Food Shoppe.
  4710 | D:6      | Reached XP level 9. HP: 75/82 MP: 8/8
  4998 | D:6      | Found an opulent altar of Gozag.
  5033 | D:6      | Reached skill level 10 in Axes
  5406 | D:7      | Received a gift from Trog
  5406 | D:7      | Reached skill level 5 in Dodging
  5705 | D:7      | Reached skill level 1 in Bows
  6101 | D:7      | Found Okkug's Gadget Boutique.
  6127 | D:7      | Found a staircase to the Ecumenical Temple.
  6563 | D:8      | Reached skill level 11 in Axes
  6563 | D:8      | Reached XP level 10. HP: 62/93 MP: 9/9
  7034 | D:9      | Found a deep blue altar of Sif Muna.
  7132 | D:9      | Reached skill level 10 in Fighting
  7132 | D:9      | Reached skill level 5 in Bows
  7302 | D:9      | Received a gift from Trog
  7352 | D:9      | Found a snail-covered altar of Cheibriados.
  7431 | D:9      | Found a glowing golden altar of the Shining One.
  7596 | D:9      | Found a radiant altar of Vehumet.
  7971 | D:10     | Entered Level 10 of the Dungeon
  7982 | D:10     | Reached skill level 12 in Axes
  7993 | D:10     | Received a gift from Trog
  8084 | D:10     | Noticed a hill giant
  8091 | D:10     | Killed a hill giant
  8121 | D:10     | Noticed a hill giant
  8121 | D:10     | Reached XP level 11. HP: 101/101 MP: 10/10
  8135 | D:10     | Killed a hill giant
  8373 | D:10     | Received a gift from Trog
  8429 | D:10     | Found a portal to a secret trove of treasure.
  8569 | D:10     | Noticed Harold
  8583 | D:10     | Killed Harold
  8583 | D:10     | Reached skill level 13 in Axes
  8780 | D:10     | Noticed Sonja
  8782 | D:10     | Killed Sonja
  9026 | D:11     | Noticed a hill giant
  9032 | D:11     | Killed a hill giant
  9091 | D:11     | Found a staircase to the Lair.
  9168 | D:11     | Found a staircase to the Orcish Mines.
  9548 | D:11     | Noticed an eight-headed hydra
  9554 | D:11     | Killed an eight-headed hydra
  9616 | D:11     | Noticed Josephine
  9900 | D:11     | Killed Josephine
 10024 | D:11     | Reached skill level 14 in Axes
 10275 | D:12     | Noticed a hill giant
 10281 | D:12     | Killed a hill giant
 10281 | D:12     | Reached XP level 12. HP: 112/112 MP: 11/11
 10545 | D:12     | Found Arosi's Armour Shop.
 10772 | D:12     | Noticed Psyche
 10777 | D:12     | Killed Psyche
 10896 | D:12     | Received a gift from Trog
 10903 | D:12     | Got an encrusted battleaxe {god gift}
 10904 | D:12     | Identified the +1 battleaxe "Xatt" {chop, *Contam MR+++ Dex-4 SInv} (Trog gifted it to you on level 12 of the Dungeon)
 10917 | D:12     | Lost mutation: You have supernaturally acute eyesight. [mutagenic glow]
 11403 | D:13     | Noticed a centaur warrior
 11409 | D:13     | Killed a centaur warrior
 11751 | D:13     | Noticed a centaur warrior
 11755 | D:13     | Killed a centaur warrior
 11857 | D:13     | Got a faintly glowing pewter ring
 11905 | D:13     | Noticed Erolcha
 11911 | D:13     | Noticed Rupert
 11914 | D:13     | Reached skill level 15 in Axes
 11915 | D:13     | Killed Erolcha
 11918 | D:13     | Reached skill level 10 in Bows
 11939 | D:13     | Paralysed by Rupert for 7 turns
 11947 | D:13     | Annihilated by Rupert

Vault maps used:
D:1:      dpeg_arrival_ratfight, minmay_misc_feat_room,
          hangedman_abyss_or_decor_stabs, kennysheep_pointless_box,
          minmay_distorted
D:2:      nicolae_ru_great_annihilating_truth, lemuel_doored_altar, uniq_terence
D:3:      nicolae_qazlal_style_of_elements, uniq_jessica
D:4:      uniq_menkaure
D:5:      lemuel_round_altar, kennysheep_mini_moat, first_bread,
          gup_ossuary_entry_pyramid
D:6:      serial_shops, nicolae_shop_behind_doors, grunt_gozag_statues,
          uniq_duvessa
D:7:      minmay_temple_entry_enclosed_plants, serial_shops,
          nicolae_shop_behind_doors, grunt_livestock
D:9:      vehumet_crystals, gammafunk_temple_overflow_pools, basic_altar
D:10:     enter_trove_0, uniq_sonja, uniq_harold
D:11:     lair_0_dummy, orc_0_dummy, nrook_pool_corridor, uniq_josephine
D:12:     kennysheep_seaside_town, serial_shops, shop, uniq_psyche
D:13:     serial_shops, shop_statue, uniq_rupert, uniq_erolcha
Ossuary:  ossuary_tomb_2

Action                   |  1- 3 |  4- 6 |  7- 9 | 10-12 || total
-------------------------+-------+-------+-------+-------++-------
Melee: Hand axe          |    73 |   108 |   250 |       ||   431
       Battleaxe         |       |       |   117 |   295 ||   412
 Fire: Shortbow          |       |       |    79 |   111 ||   190
       Longbow           |       |       |       |   135 ||   135
Throw: Tomahawk          |       |     4 |    10 |       ||    14
Invok: Burn Spellbooks   |       |       |       |     4 ||     4
       Berserk           |       |       |       |     1 ||     1
Evoke: Wand              |       |     1 |       |       ||     1
  Use: Potion            |     6 |     1 |     5 |     4 ||    16
       Scroll            |       |    12 |     7 |     7 ||    26
 Stab: Sleeping          |     1 |       |       |       ||     1
       Paralysed         |       |     1 |       |       ||     1
  Eat: Chunk             |     1 |     4 |     9 |    16 ||    30
       Bread ration      |       |       |     1 |       ||     1
       Royal jelly       |       |       |       |     1 ||     1
